 Dungeon Crawl Stone Soup version 0.30.1-4-g462c640d31 (webtiles) character file.

Game seed: 12950091897489470321

6143 Bobit the Spear-Bearer (level 10, -1/73 (79) HPs)
             Began as a Gnoll Reaver on Aug 13, 2023.
             Was an Initiate of Vehumet.
             Slain by a spriggan defender zombie (12 damage)
             ... on level 1 of the Abyss.
             The game lasted 00:54:17 (9537 turns).

Bobit the Spear-Bearer (Gnoll Reaver)               Turns: 9537, Time: 00:54:18

HP:   -1/73 (79)    AC: 19    Str: 15    XL:     10   Next: 90%
MP:   21/21         EV: 10    Int: 16    God:    Vehumet [......]
Gold: 688           SH:  0    Dex: 14    Spells: 15/24 levels left

rFire   . . .        U - +4 quarterstaff (chaos)
rCold   . . .        (shield currently unavailable)
rNeg    . . .        u - +3 chain mail {Will+}
rPois   .            (no helmet)
rElec   .            V - +0 cloak
rCorr   .            (no gloves)
SInv    .            I - +0 pair of boots
Will    +....        f - amulet of regeneration Stlth
                     a - +4 ring of protection
HPRegen 0.00/turn    Z - ring "Hoxtorim" {Wiz Int+3 Dex+3}
MPRegen 0.17/turn

%: wizardry (x1)
@: sick, glowing, studying Long Blades, drained
A: fangs 1, strong nose, distributed training
a: Renounce Religion


You were on level 1 of the Abyss.
You worshipped Vehumet.
Vehumet was noncommittal.
You visited 2 branches of the dungeon, and saw 12 of its levels.
You visited the Abyss 1 time.
You also visited: Ossuary.

You collected 688 gold pieces.

Inventory:

Hand Weapons
 e - a +1 halberd of freezing
 m - a +1 vampiric spear
 y - a +2 long sword
 B - a +4 long sword
 L - a +3 great sword
 M - a +3 falchion
 U - a +4 quarterstaff of chaos (weapon)
Armour
 b - a +0 leather armour
 h - a +0 chain mail
 j - a +0 ring mail
 k - a +0 scale mail
 u - a +3 chain mail of willpower (worn)
 A - a +1 robe of positive energy
 C - a +0 scale mail
 I - a +0 pair of boots (worn)
 J - a +3 leather armour
 S - a +0 plate armour
 V - a +0 cloak (worn)
 Y - the +0 leather armour "Acasor" {+Blink rN+}
   (You found it on level 8 of the Dungeon)

   rN:        It protects you from negative energy.
   +Blink:    It lets you blink.
Magical Staves
 s - a staff of death
 K - a staff of earth
 Q - a staff of earth
Jewellery
 a - a +4 ring of protection (left hand)
 f - an amulet of regeneration (around neck)
 p - a +6 ring of strength
 v - a ring of positive energy
 D - an amulet of the acrobat
 E - an amulet of reflection
 N - a ring of see invisible
 R - a ring of positive energy
 Z - the ring "Hoxtorim" (right hand) {Wiz Int+3 Dex+3}
   (You found it on level 8 of the Dungeon)

   [ring of wizardry]

   It improves your spell success rate.
   Int:       It affects your intelligence (+3).
   Dex:       It affects your dexterity (+3).
Wands
 l - a wand of roots (22)
 F - a wand of paralysis (22)
Scrolls
 c - 4 scrolls of identify
 n - 3 scrolls of poison
 r - a scroll of torment
 t - 2 scrolls of enchant weapon
 w - a scroll of magic mapping
 G - 2 scrolls of enchant armour
 W - a scroll of brand weapon
Potions
 o - a potion of mutation
 x - a potion of resistance {unknown}
 z - a potion of haste
 H - a potion of degeneration
 O - a potion of brilliance
 P - a potion of attraction


   Skills:
 + Level 7.6 Fighting
 + Level 5.9 Short Blades
 + Level 8.1 Long Blades
 + Level 5.9 Axes
 + Level 5.9 Maces & Flails
 + Level 8.9 Polearms
 + Level 5.9 Staves
 + Level 5.9 Ranged Weapons
 + Level 5.9 Throwing
 + Level 5.9 Armour
 + Level 7.6 Dodging
 + Level 5.9 Stealth
 + Level 5.9 Shields
 + Level 5.9 Unarmed Combat
 + Level 7.8 Spellcasting
 + Level 7.4 Conjurations
 + Level 4.9 Hexes
 + Level 4.9 Summonings
 + Level 4.9 Necromancy
 + Level 4.9 Translocations
 + Level 4.9 Transmutations
 + Level 4.9 Fire Magic
 + Level 4.9 Ice Magic
 + Level 4.9 Air Magic
 + Level 4.9 Earth Magic
 + Level 4.9 Poison Magic
 + Level 6.5 Invocations
 + Level 5.9 Evocations


You had 15 spell levels left.
You knew the following spells:

 Your Spells              Type           Power      Damage    Failure   Level
a - Kiss of Death         Conj/Necr      100%       2d13      4%          1
b - Momentum Strike       Conj/Tloc      52%        3d9       6%          2
c - Hailstorm             Conj/Ice       26%        3d7       12%         3
d - Foxfire               Conj/Fire      100%       2x1d9     4%          1
e - Wereblood             Tmut           22%        N/A       11%         2

Your spell library contained the following spells:

 Spells                   Type           Power      Damage    Failure   Level
 Beastly Appendage        Tmut           44%        N/A       7%          1
 Inner Flame              Hex/Fire       22%        N/A       21%         3
 Spider Form              Tmut/Pois      22%        N/A       21%         3
 Summon Ice Beast         Ice/Summ       22%        N/A       52%         4
 Fireball                 Conj/Fire      13%        3d7       71%         5
 Summon Mana Viper        Hex/Summ       22%        N/A       86%         5
 Yara's Violent Unravell  Hex/Tmut       11%        3d6       86%         5
 Starburst                Conj/Fire      13%        6d5       99%         6
 Plasma Beam              Fire/Air       11%        2x1d24    100%        6
 Enfeeble                 Hex            11%        N/A       100%        7
 Monstrous Menagerie      Summ           11%        N/A       100%        7


Dungeon Overview and Level Annotations

Branches:
Dungeon (11/15)            Temple (1/1) D:7             Orc (0/2) D:9
Ossuary (visited)
   Lair: D:8-11

Altars:
Dithmenos
Elyvilon
Fedhas
Gozag
Hepliaklqana
Kikubaaqudgha
Makhleb
Nemelex Xobeh
Okawaru
Qazlal
Ru
Sif Muna
Trog
Uskayaw
Vehumet
Wu Jian
Xom
Yredelemnul
The Shining One
Lugonu

Portals:
Abyss: D:4

Annotations:
D:3 2 transporters, boopmooplesden's ghost, amateur FoBe
D:4 2 transporters, gummiwulf's ghost, amateur MiGl
D:9 1 exclusion, Erolcha
D:10 1 exclusion


Innate Abilities, Weirdness & Mutations

You have very sharp teeth.
Your uncanny sense of smell can sniff out nearby items.
Your experience applies equally to all skills.


Message History

The puff of frost hits you. Why would you want to do that?
The white imp gestures at you.
The puff of frost hits you but does no damage.
The white imp gestures at you.
The puff of frost hits you but does no damage.
A small abomination comes into view.
The white imp disappears for a moment.
Why would you want to do that? Why would you want to do that?
An ancient zyme comes into view.
The small abomination barely misses you.
You feel yourself growing ill in the presence of the ancient zyme.
The small abomination hits you. The white imp gestures at you.
The puff of frost hits you!
The small abomination hits you but does no damage.
The small abomination attacks as you move away!
The small abomination misses you.
A small abomination comes into view.
You feel ill.
An ophan comes into view.
The ophan turns its gaze towards you.
The ophan harnesses the cleansing power of fire!
The bolt of fire hits you!!
You enter the shallow water.
Moving in this stuff is going to be slow.
The ophan harnesses the cleansing power of fire!
The bolt of fire hits you!!
* * * LOW HITPOINT WARNING * * *
Your extra speed is starting to run out.
The white imp gestures at you. The puff of frost hits you!
* * * LOW HITPOINT WARNING * * *
A small abomination comes into view.
You feel yourself slow down.
The spriggan defender zombie attacks as you move away!
The spriggan defender zombie closely misses you.
The spriggan defender zombie hits you!
You die...

.# ## .# .# .. ..
..## ##. .# #. .
..#. #..#.# ..# .
... ###....# ..
...##
##.##.#..#.##.#
#......###.@.....#
#......##..#Z.x##..#
#.....G.....#...#
##.#.x###.#.......#
#.. .x#...##.#.#
....##.####.#.# #
..#.. .. .# # #5
x#G.## .# ~~~~.#.. #


You could see an ophan, an ancient zyme, a small abomination and a spriggan
defender zombie.

Vanquished Creatures
  Joseph (D:8)
  Prince Ribbit (D:9)
  3 raiju (Abyss:1)
  2 yaks (D:10)
  A steam dragon (D:9)
  A chaos spawn (Abyss:1)
  2 acid dragons
  2 black bears
  3 orc warriors
  2 ice beasts (D:6)
  An ogre (D:7)
  A phantom (D:5)
  5 centaurs
  3 kobold brigands
  4 scorpions
  A gnoll sergeant (D:5)
  2 water moccasin zombies (D:5)
  13 wights
  4 killer bees (D:10)
  3 electric eels (D:7)
  A howler monkey (D:5)
  A bullfrog zombie (D:5)
  A centaur zombie (D:5)
  3 hounds
  Crazy Yiuf (D:7)
  2 orc priests
  4 jellies
  2 starcursed masses (Abyss:1)
  Ijyb (D:3)
  Natasha (thrice) (D:2)
  3 iguanas (D:6)
  4 orc wizards
  3 sleepcaps
  A killer bee zombie (D:10)
  A hound zombie (D:5)
  7 adders
  12 gnolls
  A shadow imp (D:6)
  2 ufetubi
  2 worms
  3 dart slugs
  17 orcs
  6 bats
  7 endoplasms
  5 giant cockroaches
  8 goblins
  7 hobgoblins
  2 jackals (D:2)
  16 kobolds
  8 quokkas
  4 ball pythons
  6 frilled lizards
  6 rats
205 creatures vanquished.

Vanquished Creatures (collateral kills)
  A centaur (D:8)
  A bullfrog (D:8)
  A killer bee (D:10)
  2 kobolds (D:9)
5 creatures vanquished.

Vanquished Creatures (others)
  A sky beast (D:7)
  A yak zombie (D:10)
  3 centaur zombies
  An orc wizard (D:8)
  3 killer bee zombies (D:10)
  An acid dragon zombie (D:10)
  8 orc zombies
  A jelly zombie (D:8)
  A kobold (D:9)
  40 foxfires
60 creatures vanquished.

Grand Total: 270 creatures vanquished

Notes
Turn   | Place    | Note
-------+----------+-------------------------------------------
     0 | D:1      | Bobit the Gnoll Reaver began the quest for the Orb.
     0 | D:1      | Reached XP level 1. HP: 20/20 MP: 6/6
   170 | D:1      | Reached XP level 2. HP: 26/26 MP: 7/7
   471 | D:1      | Reached skill level 5 in Spellcasting
   471 | D:1      | Reached XP level 3. HP: 27/31 MP: 7/9
   802 | D:2      | Noticed Natasha
   804 | D:2      | Reached skill level 1 in Invocations
   817 | D:2      | Killed Natasha
   818 | D:2      | Reached skill level 1 in Short Blades
   818 | D:2      | Reached skill level 1 in Long Blades
   818 | D:2      | Reached skill level 1 in Axes
   818 | D:2      | Reached skill level 1 in Maces & Flails
   818 | D:2      | Reached skill level 1 in Staves
   818 | D:2      | Reached skill level 1 in Ranged Weapons
   818 | D:2      | Reached skill level 1 in Throwing
   818 | D:2      | Reached skill level 1 in Armour
   818 | D:2      | Reached skill level 1 in Stealth
   818 | D:2      | Reached skill level 1 in Shields
   818 | D:2      | Reached skill level 1 in Unarmed Combat
   818 | D:2      | Reached skill level 1 in Evocations
   818 | D:2      | Reached XP level 4. HP: 25/38 MP: 11/11
   899 | D:2      | Noticed Natasha
   915 | D:2      | Killed Natasha
   916 | D:2      | Reached skill level 1 in Hexes
   916 | D:2      | Reached skill level 1 in Summonings
   916 | D:2      | Reached skill level 1 in Necromancy
   916 | D:2      | Reached skill level 1 in Translocations
   916 | D:2      | Reached skill level 1 in Transmutations
   916 | D:2      | Reached skill level 1 in Fire Magic
   916 | D:2      | Reached skill level 1 in Ice Magic
   916 | D:2      | Reached skill level 1 in Air Magic
   916 | D:2      | Reached skill level 1 in Earth Magic
   916 | D:2      | Reached skill level 1 in Poison Magic
   973 | D:2      | Noticed Natasha
   981 | D:2      | Killed Natasha
   992 | D:2      | Learned a level 2 spell: Momentum Strike
   996 | D:2      | Learned a level 3 spell: Hailstorm
  1150 | D:2      | Reached XP level 5. HP: 41/43 MP: 12/12
  1328 | D:3      | Found a faded altar of an unknown god.
  1357 | D:3      | Prayed at the altar of an unknown god.
  1357 | D:3      | Became a worshipper of Elyvilon the Healer
  1357 | D:3      | Reached * piety under Elyvilon
  1487 | D:3      | Found a transporter.
  1494 | D:3      | Noticed boopmooplesden's ghost (amateur FoBe)
  1548 | D:3      | Found a transporter.
  1695 | D:3      | Noticed Ijyb
  1733 | D:3      | Was placed under penance by Elyvilon
  1734 | D:3      | Killed Ijyb
  2230 | D:3      | HP: 1/27 [wight/+0 falchion (3)]
  2232 | D:3      | Reached XP level 6. HP: 3/40 MP: 14/14
  2468 | D:4      | Reached skill level 5 in Fighting
  2468 | D:4      | Reached skill level 5 in Dodging
  2477 | D:4      | Found a transporter.
  2558 | D:4      | Noticed gummiwulf's ghost (amateur MiGl)
  2588 | D:4      | Found a transporter.
  2603 | D:4      | Found a one-way gate to the infinite horrors of the Abyss.
  2926 | D:4      | Reached XP level 7. HP: 32/49 MP: 12/15
  3159 | D:4      | Noticed a small abomination
  3429 | D:5      | Entered Level 5 of the Dungeon
  3429 | D:5      | Was forgiven by Elyvilon
  3845 | D:5      | Reached XP level 8. HP: 26/63 MP: 16/16
  4425 | D:5      | Found a basalt altar of Yredelemnul.
  4962 | D:6      | Reached skill level 5 in Long Blades
  5029 | D:6      | Reached XP level 9. HP: 69/69 MP: 18/18
  5641 | D:7      | Reached ** piety under Elyvilon
  5713 | D:7      | Found a white marble altar of Elyvilon.
  5716 | D:7      | Found a shimmering blue altar of Sif Muna.
  6084 | D:7      | Found a sand-covered staircase.
  6094 | Ossuary  | Entered an ossuary
  6116 | D:7      | Reached skill level 5 in Invocations
  6277 | D:7      | Learned a level 1 spell: Foxfire
  6280 | D:7      | Learned a level 2 spell: Wereblood
  6382 | D:7      | Found a staircase to the Ecumenical Temple.
  6565 | D:7      | Found a runed translucent door.
  6566 | D:7      | Noticed Crazy Yiuf
  6726 | D:7      | Killed Crazy Yiuf
  6978 | D:5      | Fell from the grace of Elyvilon
  6978 | D:5      | Became a worshipper of Yredelemnul the Dark
  7246 | D:8      | Reached * piety under Yredelemnul
  7277 | D:8      | Reached ** piety under Yredelemnul
  7385 | D:8      | Found a glowing golden altar of the Shining One.
  7394 | D:8      | Identified the +0 leather armour "Acasor" {+Blink rN+}
  7413 | D:8      | Reached skill level 5 in Short Blades
  7413 | D:8      | Reached skill level 5 in Axes
  7413 | D:8      | Reached skill level 5 in Maces & Flails
  7413 | D:8      | Reached skill level 5 in Staves
  7413 | D:8      | Reached skill level 5 in Ranged Weapons
  7413 | D:8      | Reached skill level 5 in Throwing
  7413 | D:8      | Reached skill level 5 in Armour
  7413 | D:8      | Reached skill level 5 in Stealth
  7413 | D:8      | Reached skill level 5 in Shields
  7413 | D:8      | Reached skill level 5 in Unarmed Combat
  7413 | D:8      | Reached skill level 5 in Evocations
  7413 | D:8      | Reached XP level 10. HP: 75/76 MP: 20/20
  7419 | D:8      | Identified the ring "Hoxtorim" {Wiz Int+3 Dex+3}
  7734 | D:8      | Noticed Joseph
  7785 | D:8      | Killed Joseph
  7907 | D:9      | Noticed a brown ugly thing
  7908 | D:9      | Found a corrupted altar of Lugonu.
  7912 | D:9      | Noticed a green ugly thing
  7941 | D:9      | Noticed a two-headed ogre
  7945 | D:9      | Noticed Prince Ribbit
  7963 | D:10     | Entered Level 10 of the Dungeon
  8539 | D:9      | Killed Prince Ribbit
  8692 | Temple   | Entered the Ecumenical Temple
  8877 | Temple   | Fell from the grace of Yredelemnul
  8877 | Temple   | Became a worshipper of Vehumet
  9165 | D:9      | Found a sparkling altar of Nemelex Xobeh.
  9196 | D:9      | Found a staircase to the Orcish Mines.
  9200 | D:9      | Noticed Erolcha
  9209 | Abyss:1  | Cast into level 1 of the Abyss (Erolcha)
  9265 | Abyss:1  | Noticed a starcursed mass
  9356 | Abyss:1  | Noticed a starcursed mass
  9474 | Abyss:1  | Noticed a rakshasa
  9495 | Abyss:1  | Noticed an orange demon
  9501 | Abyss:1  | Found a corrupted altar of Lugonu.
  9518 | Abyss:1  | Noticed an ophan
  9537 | Abyss:1  | Slain by a spriggan defender zombie

Illustrated notes

Levels and vault maps discovered:
D:1:      dpeg_arrival_leaves_temple_mockup, layout_loops_ring
D:2:      layout_rooms, uniq_natasha
D:3:      layout_basic, gammafunk_ghost_stat_death,
          chequers_ecumenical_altar_simple, kennysheep_generic_room_3, uniq_ijyb
D:4:      layout_cave_pods, gammafunk_ghost_abyssal_escape
D:5:      layout_cave_pods, nicolae_yredelemnul_corpse_copse,
          nicolae_elevator_lobby_asterisk
D:6:      cheibrodos_thug_alley, layout_cave_pools
D:7:      black_bear_nest_2, layout_rooms, nicolae_overflow_squiral,
          minmay_temple_entry_gardened_gates, nicolae_ossuary_entry_monument,
          uniq_crazy_yiuf_cottage
D:8:      layout_gridville, nicolae_overflow_hidden_temple,
          chequers_serial_rivers_micro_d, uniq_joseph
D:9:      gammafunk_corrupted_shrine, layout_irregular_city,
          nemelex_diamond_rough_becter, mainiacjoe_overflow_alcove_2,
          orc_david_3, uniq_prince_ribbit1, uniq_erolcha
D:10:     layout_loops_ring, erik_lair_island, minmay_misc_feat_rugged,
          amcnicky_mini_rare_corridor_liquid
D:11:     minmay_the_grid_triangle_9x9_recursive_3_mashed
          [minmay_the_grid_triangle_9x9_from_above,
          minmay_the_grid_triangle_9x9_semitri,
          minmay_the_grid_triangle_9x9_shrine,
          minmay_the_grid_triangle_9x9_prize_schism,
          minmay_the_grid_triangle_9x9_odd_lines,
          minmay_the_grid_triangle_9x9_sparse_checkered,
          minmay_the_grid_triangle_9x9_cache,
          minmay_the_grid_triangle_9x9_thin_v,
          minmay_the_grid_triangle_9x9_longest], layout_loops_corners,
          nicolae_specific_store, elyvilon_altar_4
Temple:   nicolae_temple_slightly_damp_pantheon
Abyss:1:  base: D:9, minivault_4

Skill      XL: |  1  2  3  4  5  6  7  8  9 10 |
---------------+-------------------------------+-----
Spellcasting   | 5 6 7 |  7.8
Invocations    | 1 2 3 4 5 6 |  6.5
Short Blades   | 1 2 3 5 |  5.9
Long Blades    | 1 2 3 5 6 8 |  8.1
Axes           | 1 2 3 5 |  5.9
Maces & Flails | 1 2 3 5 |  5.9
Staves         | 1 2 3 5 |  5.9
Ranged Weapons | 1 2 3 5 |  5.9
Throwing       | 1 2 3 5 |  5.9
Armour         | 1 2 3 5 |  5.9
Stealth        | 1 2 3 5 |  5.9
Shields        | 1 2 3 5 |  5.9
Unarmed Combat | 1 2 3 5 |  5.9
Evocations     | 1 2 3 5 |  5.9
Hexes          | 1 2 3 4 |  4.9
Summonings     | 1 2 3 4 |  4.9
Necromancy     | 1 2 3 4 |  4.9
Translocations | 1 2 3 4 |  4.9
Transmutations | 1 2 3 4 |  4.9
Fire Magic     | 1 2 3 4 |  4.9
Ice Magic      | 1 2 3 4 |  4.9
Air Magic      | 1 2 3 4 |  4.9
Earth Magic    | 1 2 3 4 |  4.9
Poison Magic   | 1 2 3 4 |  4.9
Fighting       | 5 6 7 |  7.6
Dodging        | 5 6 7 |  7.6
Polearms       | 7 8 |  8.9
Conjurations   | 6 7 |  7.4

Action                     |  1- 3 |  4- 6 |  7- 9 | 10-12 || total
---------------------------+-------+-------+-------+-------++-------
  Melee: Spear             |    86 |   281 |       |    38 ||   405
         Bite              |     4 |    22 |    36 |    24 ||    86
         Punch             |     1 |     4 |     1 |     4 ||    10
         Long sword        |       |       |    80 |       ||    80
         Halberd           |       |       |   275 |    21 ||   296
         Quarterstaff      |       |       |       |   125 ||   125
   Cast: Momentum Strike   |       |     4 |     8 |     7 ||    19
         Kiss of Death     |       |     2 |       |     1 ||     3
         Foxfire           |       |       |     5 |    16 ||    21
         Wereblood         |       |       |     4 |     8 ||    12
  Evoke: Wand              |       |       |     2 |     9 ||    11
    Use: Potion            |       |     3 |     6 |     6 ||    15
         Scroll            |       |       |     9 |     9 ||    18
   Stab: Paralysed         |       |       |       |     3 ||     3
         Confused          |       |       |       |     2 ||     2
         Distracted        |       |       |       |     1 ||     1
 Armour: Leather armour    |     9 |       |       |       ||     9
         Chain mail        |    14 |    58 |   221 |   128 ||   421
         Ring mail         |     4 |    26 |       |       ||    30
         Skin              |       |     5 |    21 |       ||    26
  Dodge: Dodged            |    24 |   120 |   204 |   100 ||   448
